 Dungeon Crawl Stone Soup version 0.31-a0-237-g2d982f9f85 (webtiles) character file.

Game seed: 7046296771922482521

105 garrulousMonolith the Gusty (level 4, -3/32 HPs)
             Began as a Gnoll Air Elementalist on July 12, 2023.
             Slain by Edmund
             ... wielding a +0 flail of protection
              (11 damage)
             ... on level 4 of the Dungeon.
             The game lasted 00:02:46 (3489 turns).

garrulousMonolith the Gusty (GnAE)                  Turns: 3489, Time: 00:02:47

Health: -3/32      AC:  6    Str: 14    XL:     4   Next: 81%
Magic:  9/11       EV: 13    Int: 16    God:
Gold:   88         SH:  0    Dex: 12    Spells: 3/13 levels left

rFire   . . .        f - +0 dagger
rCold   . . .        (no shield)
rNeg    . . .        j - +0 leather armour
rPois   .            i - +0 helmet
rElec   .            v - +1 cloak {Stlth+}
rCorr   .            (no gloves)
SInv    .            (no boots)
Will    .....        (no amulet)
Stlth   +++          q - +6 ring of strength
HPRegen 0.25/turn    (no ring)
MPRegen 0.12/turn

%: no passive effects
@: very slightly contaminated
A: fangs 1, strong nose, distributed training
a: no special abilities


You were on level 4 of the Dungeon.
You visited 1 branch of the dungeon, and saw 4 of its levels.

You collected 88 gold pieces.

Inventory:

Hand Weapons
 f - a +0 dagger (weapon)
 n - a +1 sling of flaming
Missiles
 l - 5 poisoned darts
Armour
 i - a +0 helmet (worn)
 j - a +0 leather armour (worn)
 v - a +1 cloak of stealth (worn)
Jewellery
 q - a +6 ring of strength (left hand)
 w - an amulet of the acrobat
Scrolls
 c - a scroll of revelation {unknown}
 d - a scroll of torment
 e - a scroll of fear
 g - a scroll of identify {unknown}
 h - a scroll of teleportation {unknown}
 m - a scroll of brand weapon {unknown}
 p - a scroll of enchant armour {unknown}
 s - a scroll of vulnerability {unknown}
 t - a scroll of enchant weapon {unknown}
 u - a scroll of amnesia {unknown}
 x - a scroll of noise {unknown}
Potions
 a - a potion of berserk rage {unknown}
 k - a potion of enlightenment {unknown}
 o - a potion of curing {unknown}
 r - a potion of cancellation {unknown}
 z - a potion of heal wounds {unknown}


   Skills:
 + Level 1.3 Fighting
 + Level 1.3 Short Blades
 + Level 1.3 Long Blades
 + Level 1.3 Axes
 + Level 1.3 Maces & Flails
 + Level 1.3 Polearms
 + Level 1.3 Staves
 + Level 1.3 Ranged Weapons
 + Level 1.3 Throwing
 + Level 1.3 Armour
 + Level 4.7 Dodging
 + Level 4.3 Stealth
 + Level 1.3 Shields
 + Level 1.3 Unarmed Combat
 + Level 5.1 Spellcasting
 + Level 2.3 Conjurations
 + Level 1.0 Hexes
 + Level 1.0 Summonings
 + Level 1.0 Necromancy
 + Level 1.0 Translocations
 + Level 1.0 Transmutations
 + Level 1.0 Fire Magic
 + Level 1.0 Ice Magic
 + Level 5.5 Air Magic
 + Level 1.0 Earth Magic
 + Level 1.0 Poison Magic
 + Level 1.4 Invocations
 + Level 1.3 Evocations


You had 3 spell levels left.
You knew the following spells:

 Your Spells              Type           Power      Damage    Failure   Level
a - Shock                 Conj/Air       64%        1d7       3%          1
b - Static Discharge      Conj/Air       32%        2-4/arc   5%          2
c - Swiftness             Air            21%        N/A       6%          3
d - Airstrike             Air            10%        2d(2-18)  19%         4

Your spell library contained the following spells:

 Spells                   Type           Power      Damage    Failure   Level
 Dazzling Flash           Conj/Hex       18%        N/A       28%         3
 Silence                  Hex/Air        7%         N/A       78%         5
 Agony                    Necr           7%         N/A       97%         5


Dungeon Overview and Level Annotations

Branches:
Dungeon (4/15)
 Temple: D:4-7

Altars:
Qazlal
The Shining One

Annotations:
D:4 Edmund


Innate Abilities, Weirdness & Mutations

You have very sharp teeth.
Your uncanny sense of smell can sniff out nearby items.
Your experience applies equally to all skills.


Message History

Press: ? - help, Shift-Dir - straight line, f/p - Edmund
Aim: Edmund, wielding a +0 flail of protection and wearing a +0 leather armour (moderately wounded, 71% to hit)
You miscast Shock.
Nothing appears to happen.
Edmund closely misses you.
Casting: Shock (safe; 3% risk of failure)
Confirm with . or Enter, or press ? or * to list all spells.
Edmund is struck by an arc of lightning.
Edmund is heavily wounded.
You are struck by an arc of lightning.
Edmund is struck by an arc of lightning.
Edmund is heavily wounded.
You are struck by an arc of lightning.
The lightning grounds out.
Edmund hits you with a +0 flail of protection.
Edmund hits you with a +0 flail of protection.
Casting: Static Discharge (safe; 5% risk of failure)
Confirm with . or Enter, or press ? or * to list all spells.
Edmund is struck by an arc of lightning.
Edmund is heavily wounded.
You are struck by an arc of lightning.
The lightning grounds out.
Edmund hits you with a +0 flail of protection.
Edmund hits you with a +0 flail of protection.
Casting: Static Discharge (safe; 5% risk of failure)
Confirm with . or Enter, or press ? or * to list all spells.
Edmund is struck by an arc of lightning.
Edmund is severely wounded.
You are struck by an arc of lightning.
The lightning grounds out.
Edmund closely misses you. Edmund misses you.
Casting: Static Discharge (safe; 5% risk of failure)
Confirm with . or Enter, or press ? or * to list all spells.
You don't have enough magic to cast this spell.
Magic courses through your body. Edmund barely misses you.
Casting: Static Discharge (safe; 5% risk of failure)
Confirm with . or Enter, or press ? or * to list all spells.
Edmund is struck by an arc of lightning.
Edmund is severely wounded.
You are struck by an arc of lightning.
* * * LOW HITPOINT WARNING * * *
The lightning grounds out.
Edmund hits you with a +0 flail of protection!
You die...

.................#
.................#
####.............# ∆
#.......#'#####
#.......#.....#
#.......#.....#
#.......#..###########
#########..###........
..........#.@@#......
..........#...+ .....
#.##..###.##.## ....
##+###.##.# ###
#.........#
+.........#
#.........#
##+###+##+#


You could see Edmund.

Vanquished Creatures
  Crazy Yiuf (D:2)
  An adder (D:3)
  4 worms
  3 dart slugs
  An orc (D:3)
  2 bats
  5 endoplasms
  4 giant cockroaches
  5 goblins
  A hobgoblin (D:3)
  3 quokkas
  5 ball pythons
  5 frilled lizards
  3 kobolds
  9 rats
52 creatures vanquished.

Notes
Turn   | Place    | Note
-------+----------+-------------------------------------------
     0 | D:1      | garrulousMonolith the Gnoll Air Elementalist began the
                  | quest for the Orb.
     0 | D:1      | Reached XP level 1. HP: 13/13 MP: 6/6
   140 | D:1      | Reached XP level 2. HP: 19/19 MP: 3/7
   143 | D:1      | Learned a level 2 spell: Static Discharge
  1261 | D:2      | Reached skill level 5 in Spellcasting
  1261 | D:2      | Reached XP level 3. HP: 25/25 MP: 5/9
  1591 | D:2      | Found a stormy altar of Qazlal.
  1630 | D:2      | Reached skill level 1 in Invocations
  1772 | D:2      | Found a runed translucent door.
  1773 | D:2      | Noticed Crazy Yiuf
  2153 | D:2      | Reached skill level 1 in Fighting
  2153 | D:2      | Reached skill level 1 in Short Blades
  2153 | D:2      | Reached skill level 1 in Long Blades
  2153 | D:2      | Reached skill level 1 in Axes
  2153 | D:2      | Reached skill level 1 in Maces & Flails
  2153 | D:2      | Reached skill level 1 in Polearms
  2153 | D:2      | Reached skill level 1 in Staves
  2153 | D:2      | Reached skill level 1 in Ranged Weapons
  2153 | D:2      | Reached skill level 1 in Throwing
  2153 | D:2      | Reached skill level 1 in Armour
  2153 | D:2      | Reached skill level 1 in Shields
  2153 | D:2      | Reached skill level 1 in Unarmed Combat
  2153 | D:2      | Reached skill level 1 in Evocations
  2367 | D:2      | Killed Crazy Yiuf
  2368 | D:2      | Reached XP level 4. HP: 32/32 MP: 7/11
  2555 | D:3      | Reached skill level 1 in Hexes
  2555 | D:3      | Reached skill level 1 in Summonings
  2555 | D:3      | Reached skill level 1 in Necromancy
  2555 | D:3      | Reached skill level 1 in Translocations
  2555 | D:3      | Reached skill level 1 in Transmutations
  2555 | D:3      | Reached skill level 1 in Fire Magic
  2555 | D:3      | Reached skill level 1 in Ice Magic
  2555 | D:3      | Reached skill level 1 in Earth Magic
  2555 | D:3      | Reached skill level 1 in Poison Magic
  2794 | D:3      | Learned a level 3 spell: Swiftness
  2799 | D:3      | Learned a level 4 spell: Airstrike
  3043 | D:3      | Found a glowing golden altar of the Shining One.
  3474 | D:4      | Noticed Edmund
  3489 | D:4      | Slain by Edmund

Illustrated notes

Levels and vault maps discovered:
D:1:      tarquinn_simple_flora_water_e, layout_basic
D:2:      layout_basic, basic_altar, uniq_crazy_yiuf_cottage
D:3:      layout_basic, lemuel_doored_altar
D:4:      layout_gridville, uniq_natasha, uniq_edmund

Skill      XL: |  1  2  3  4 |
---------------+-------------+-----
Conjurations   | 2 |  2.3
Spellcasting   | 5 |  5.1
Invocations    | 1 |  1.4
Fighting       | 1 |  1.3
Short Blades   | 1 |  1.3
Long Blades    | 1 |  1.3
Axes           | 1 |  1.3
Maces & Flails | 1 |  1.3
Polearms       | 1 |  1.3
Staves         | 1 |  1.3
Ranged Weapons | 1 |  1.3
Throwing       | 1 |  1.3
Armour         | 1 |  1.3
Shields        | 1 |  1.3
Unarmed Combat | 1 |  1.3
Evocations     | 1 |  1.3
Hexes          | 1 |  1.0
Summonings     | 1 |  1.0
Necromancy     | 1 |  1.0
Translocations | 1 |  1.0
Transmutations | 1 |  1.0
Fire Magic     | 1 |  1.0
Ice Magic      | 1 |  1.0
Earth Magic    | 1 |  1.0
Poison Magic   | 1 |  1.0
Dodging        | |  4.7
Stealth        | |  4.3
Air Magic      | |  5.5

Action                     |  1- 3 |  4- 6 || total
---------------------------+-------+-------++-------
   Cast: Shock             |    74 |    45 ||   119
         Static Discharge  |       |     4 ||     4
    Use: Scroll            |       |     2 ||     2
         Potion            |       |     1 ||     1
 Armour: Leather armour    |       |     2 ||     2
  Dodge: Dodged            |     7 |     7 ||    14

Table legend: (Time is in decaauts)
 A = Elapsed time spent in this place.
 B = Non-inter-level travel time spent in this place.
 C = Inter-level travel time spent in this place.
 D = Time resting spent in this place.
 E = Time spent auto-exploring this place.
 F = Levels seen in this place.
 G = Mean time per level.
                   A        B        C        D        E       F      G
               +--------+--------+--------+--------+--------+-----+--------+
         Total |   3487 |   3343 |    144 |     85 |   2933 |   4 |  871.8 |
       Dungeon |   3487 |   3343 |    144 |     85 |   2933 |   4 |  871.8 |
               +--------+--------+--------+--------+--------+-----+--------+

Top non-repeatable levels by time:
     D:2: 1236 daAuts
     D:1: 1176 daAuts
     D:3: 1029 daAuts
     D:4: 44 daAuts
